 Dungeon Crawl Stone Soup version 0.29-a0-495-g17b79114eb (webtiles) character file.

Game seed: 16401071326707616240

24574 chopper the Cleaver (level 12, -1/112 HPs)
             Began as a Deep Dwarf Fighter on May 27, 2022.
             Was a Priest of Elyvilon.
             Slain by a yak (4 damage)
             ... on level 3 of the Lair of Beasts on May 28, 2022.
             The game lasted 01:54:14 (15025 turns).

chopper the Cleaver (Deep Dwarf Fighter)           Turns: 15025, Time: 01:54:16

Health: -1/112     AC: 24    Str: 30    XL:     12   Next: 81%
Magic:  8/8        EV: 10    Int: 10    God:    Elyvilon [***...]
Gold:   147        SH:  6    Dex: 18    Spells: 11/11 levels left

rFire   + . .      SeeInvis +   M - +4 flail (freeze)
rCold   . . .      Faith    .   c - +0 buckler
rNeg    . . .      Spirit   .   U - +2 plate armour {rF+}
rPois   .          Reflect  .   B - +2 helmet
rElec   .          Harm     .   f - +2 cloak
rCorr   .          Rampage  .   w - +0 pair of gloves
Will    +....                   z - +2 pair of boots
Stlth   ..........              (no amulet)
HPRegen 0.00/turn               g - ring of see invisible
MPRegen 0.11/turn               v - ring of Mirth {Str+6 Dex+6 Stlth-}

@: mighty, marked
A: damage resistance, heal wounds, sense surroundings 2, no regeneration,
deformed body, passive freeze
a: Heal Wounds, Renounce Religion, Purification, Heal Other, Heal Self


You were on level 3 of the Lair of Beasts.
You worshipped Elyvilon.
Elyvilon was most pleased with you.
You visited 3 branches of the dungeon, and saw 17 of its levels.
You also visited: Sewer.

You collected 914 gold pieces.
You spent 767 gold pieces at shops.

Inventory:

Hand Weapons
 a - a +0 war axe of electrocution
 d - a +2 scimitar of freezing
 y - a +0 shortbow of freezing
 F - a +2 great sword
 G - a +3 halberd of freezing
 K - a +2 vorpal flail
 M - a +4 flail of freezing (weapon)
 P - a +1 war axe of freezing
Missiles
 e - a throwing net
 J - 4 javelins
 N - 5 boomerangs (quivered)
Armour
 c - a +0 buckler (worn)
 f - a +2 cloak (worn)
 w - a +0 pair of gloves (worn)
 z - a +2 pair of boots (worn)
 B - a +2 helmet (worn)
 U - a +2 plate armour of fire resistance (worn)
Jewellery
 b - a ring of resist corrosion
 g - a ring of see invisible (left hand)
 v - the ring of Mirth (right hand) {Str+6 Dex+6 Stlth-}
   (You acquired it on level 6 of the Dungeon)

   [ring of dexterity]

   Str:       It affects your strength (+6).
   Dex:       It affects your dexterity (+6).
   Stlth:     It makes you less stealthy.
 I - a ring of flight
 R - a ring of poison resistance
Wands
 j - a wand of flame (18)
 q - a wand of charming (1)
 C - a wand of iceblast (7)
 T - a wand of paralysis (1)
Scrolls
 h - 3 scrolls of magic mapping
 r - a scroll of amnesia
 s - a scroll of fear
 t - 5 scrolls of teleportation
 A - 2 scrolls of fog
 L - a scroll of enchant weapon {unknown}
 Q - 2 scrolls of blinking
Potions
 i - 2 potions of haste
 k - 6 potions of curing
 l - 8 potions of attraction
 m - a potion of resistance {unknown}
 n - 3 potions of magic
 o - 6 potions of flight
 p - 2 potions of brilliance
 u - 3 potions of invisibility
 x - a potion of cancellation {unknown}
 D - 2 potions of berserk rage
 S - a potion of lignification {unknown}


   Skills:
 + Level 8.9 Fighting
 + Level 12.4(13.7) Axes
 + Level 8.9(11.4) Maces & Flails
 + Level 1.1 Throwing
 + Level 11.4 Armour
 + Level 4.3 Dodging
 + Level 2.3 Stealth
 + Level 8.0 Shields
 + Level 7.0 Invocations
 + Level 1.3 Evocations


You had 11 spell levels left.
You didn't know any spells.
Your spell library contained the following spells:

 Spells                   Type           Power      Damage    Failure   Level
 Sandblast                Erth           0%         2d4       97%         1
 Blink                    Tloc           0%         N/A       99%         2
 Passwall                 Tmut/Erth      0%         N/A       99%         2
 Call Canine Familiar     Summ           0%         N/A       100%        3
 Dazzling Flash           Conj/Hex       0%         N/A       100%        3
 Gell's Gravitas          Tloc           0%         N/A       100%        3
 Lesser Beckoning         Tloc           0%         N/A       100%        3
 Ozocubu's Armour         Ice            0%         N/A       100%        3
 Portal Projectile        Hex/Tloc       0%         N/A       100%        3
 Stone Arrow              Conj/Erth      0%         3d7       100%        3
 Teleport Other           Tloc           0%         N/A       100%        3
 Iskenderun's Mystic Bla  Conj/Tloc      0%         2d3       100%        4
 Leda's Liquefaction      Hex/Erth       0%         N/A       100%        4
 Summon Ice Beast         Ice/Summ       0%         N/A       100%        4
 Manifold Assault         Tloc           0%         N/A       100%        5
 Metabolic Englaciation   Hex/Ice        0%         N/A       100%        5
 Summon Mana Viper        Hex/Summ       0%         N/A       100%        5
 Dispersal                Tloc           0%         N/A       100%        6
 Simulacrum               Ice/Necr       0%         N/A       100%        6
 Starburst                Conj/Fire      0%         6d3       100%        6
 Monstrous Menagerie      Summ           0%         N/A       100%        7


Dungeon Overview and Level Annotations

Branches:
Dungeon (12/15)            Temple (0/1) D:4            Lair (3/6) D:8
 Spider (0/4) Lair:2          Orc (2/2) D:9             Elf (0/3) Orc:2
  Sewer (visited)
  Swamp: Lair:2-4    Shoals: Lair:2-4

Altars:
Dithmenos
Elyvilon
Gozag
Hepliaklqana
Kikubaaqudgha
Qazlal
Trog
Vehumet
The Shining One

Shops:
D:4 [   D:7 [   D:8 (   D:9 [   D:11 (

Annotations:
Lair:2 Nergalle
Lair:3 Rupert


Innate Abilities, Weirdness & Mutations

You are resistant to damage.
You can heal yourself by infusing magical energy.
You passively map the area around you.
You do not regenerate.
Armour fits poorly on your strangely shaped body.
A frigid envelope surrounds you and freezes all who hurt you.


Message History

Rupert roars madly and goes into a rage!
Rupert goes berserk!
The yak gores you but does no damage.
The yak gores the fungus!
Rupert hits you with a +1 triple sword of holy wrath!
Rupert is very cold.
Rupert is heavily wounded.
The yak gores you.
The yak is very cold.
The yak is lightly wounded.
The yak gores the fungus!
Rupert hits you with a +1 triple sword of holy wrath.
Rupert is very cold.
Rupert is heavily wounded.
Rupert hits you with a +1 triple sword of holy wrath!!!
* * * LOW HITPOINT WARNING * * *
Rupert is very cold.
Rupert is heavily wounded.
The yak gores you but does no damage.
The yak is very cold.
The yak is moderately wounded.
The yak gores the fungus!!
Rupert hits you but does no damage.
Rupert is very cold.
Rupert is severely wounded.
The yak gores you! Elyvilon protects you from harm!
The yak is very cold.
The yak is heavily wounded.
The yak gores the fungus.
Rupert hits you with a +1 triple sword of holy wrath.
Rupert is very cold.
Rupert is severely wounded.
A nearby fungus withers and dies.
Rupert hits you but does no damage.
Rupert is very cold.
Rupert is severely wounded.
You can move again.
You feel better.
Rupert hits you with a +1 triple sword of holy wrath!
* * * LOW HITPOINT WARNING * * *
Rupert is very cold.
Rupert is severely wounded.
The yak gores you.
You die...

,........# ,
, ..#.....##
, ,
,.........#
* ,
..#......# *
,,....$....*
#.##
.P......#*
#...,
......lY#
##...
,.....YY@#
#...##
.##.##Y@#
#.... , #*
##.# #P..# *
#..# #..##
#..# #...#
##.#
####...#
##.#
#.#...##
#..##
......##
#..P#
#P##...#
##.##


You could see Rupert (berserk), a komodo dragon and 4 yaks.

Vanquished Creatures
  Snorg (D:12)
  3 hydras
  A two-headed ogre (D:11)
  3 orc knights
  A deep elf pyromancer (D:12)
  2 cyclopes
  An orc sorcerer (Orc:2)
  Maurice (D:11)
  2 gargoyles
  2 cane toads
  Psyche (D:8)
  Maggie (D:7)
  2 komodo dragons
  2 trolls
  Grinder (D:6)
  2 blink frogs (Lair:3)
  A hornet (D:10)
  4 slime creatures (D:12)
  2 jumping spiders (Lair:2)
  3 shadows
  A culicivora (Lair:2)
  32 yaks
  6 wyverns
  2 basilisks
  3 steam dragons
  A redback (Lair:2)
  Grum (D:10)
  4 vampire mosquitoes (D:10)
  5 wargs
  2 acid dragons (D:12)
  4 water moccasins
  Duvessa (D:7)
  4 black bears
  10 orc warriors
  A sky beast (D:7)
  3 ogres
  3 wolves (D:10)
  3 centaurs
  A phantom (D:6)
  4 kobold brigands
  2 necrophages
  3 bullfrogs
  A scorpion (D:6)
  8 wights
  Dowan (D:7)
  11 killer bees
  A vampire bat (D:7)
  2 howler monkeys
  2 hounds
  13 orc priests
  2 gnoll shamans
  Jessica (D:2)
  2 iguanas
  15 orc wizards
  6 adders
  14 gnolls
  2 river rats (Sewer)
  2 white imps
  2 worms
  44 orcs
  12 bats
  6 endoplasms
  7 giant cockroaches
  10 goblins
  7 hobgoblins
  3 jackals
  8 quokkas
  2 ball pythons
  5 frilled lizards
  14 kobolds
  10 rats
345 creatures vanquished.

Vanquished Creatures (others)
  An orc wizard (D:6)
  20 fungi
  29 plants
50 creatures vanquished.

Grand Total: 395 creatures vanquished

Notes
Turn   | Place    | Note
-------+----------+-------------------------------------------
     0 | D:1      | chopper the Deep Dwarf Fighter began the quest for the Orb.
     0 | D:1      | Reached XP level 1. HP: 20/20 MP: 1/1
   317 | D:1      | Reached XP level 2. HP: 27/27 MP: 2/2
   485 | D:1      | Found a faded altar of an unknown god.
  1111 | D:2      | Found a white marble altar of Elyvilon.
  1111 | D:2      | Noticed Jessica
  1130 | D:2      | Killed Jessica
  1131 | D:2      | Reached skill level 3 in Axes
  1131 | D:2      | Reached XP level 3. HP: 11/34 MP: 3/3
  1296 | D:2      | Reached XP level 4. HP: 34/42 MP: 3/3
  1749 | D:2      | Became a worshipper of Elyvilon the Healer
  1783 | D:2      | Reached skill level 4 in Axes
  2471 | D:3      | Reached XP level 5. HP: 30/49 MP: 4/4
  2476 | D:3      | Reached skill level 1 in Dodging
  2519 | D:4      | Reached * piety under Elyvilon
  2640 | D:4      | Found a staircase to the Ecumenical Temple.
  2695 | D:4      | Found Haekk's Armour Boutique.
  2846 | D:4      | Found a glowing drain.
  2856 | Sewer    | Entered a sewer
  2932 | Sewer    | Reached skill level 5 in Axes
  2932 | Sewer    | Reached XP level 6. HP: 32/56 MP: 5/5
  2975 | Sewer    | Found a glowing silver altar of Zin.
  3139 | D:4      | Bought a +1 pair of boots for 149 gold pieces
  3297 | D:4      | Found a bloodstained altar of Trog.
  3364 | D:4      | Reached ** piety under Elyvilon
  3482 | D:5      | Entered Level 5 of the Dungeon
  3754 | D:5      | Reached skill level 6 in Axes
  3922 | D:5      | Reached XP level 7. HP: 45/64 MP: 5/5
  3998 | D:4      | Bought a +0 helmet for 58 gold pieces
  4277 | D:6      | Reached skill level 5 in Armour
  4304 | D:6      | Identified a scroll of acquirement
  4307 | D:6      | Acquired the ring of Mirth {Str+6 Dex+6 Stlth-}
  4370 | D:6      | Reached skill level 7 in Axes
  4441 | D:6      | Reached XP level 8. HP: 33/73 MP: 6/6
  4476 | D:6      | Noticed Grinder
  4480 | D:6      | Paralysed by Grinder for 2 turns
  4503 | D:6      | Paralysed by Grinder for 3 turns
  4511 | D:6      | Killed Grinder
  4512 | D:6      | Reached skill level 8 in Axes
  4663 | D:6      | Reached *** piety under Elyvilon
  4743 | D:6      | Reached skill level 5 in Fighting
  5063 | D:7      | Noticed Maggie
  5092 | D:7      | Killed Maggie
  5093 | D:7      | Reached skill level 9 in Axes
  5165 | D:7      | Identified the +0 robe "Matrups" {Str+8}
  5249 | D:7      | Noticed Duvessa
  5253 | D:7      | Noticed Dowan
  5260 | D:7      | Killed Duvessa
  5261 | D:7      | Gained mutation: You passively map the area around you.
                  | [Deep Dwarf growth]
  5261 | D:7      | Reached XP level 9. HP: 37/81 MP: 7/7
  5273 | D:7      | Killed Dowan
  5309 | D:7      | Reached skill level 5 in Shields
  5486 | D:7      | Reached skill level 10 in Axes
  5699 | D:7      | Found Nilu's Antique Armour Shop.
  6061 | D:8      | Found Uloxumuj's Weapon Boutique.
  6082 | D:8      | Reached skill level 1 in Invocations
  6216 | D:8      | Elyvilon protects you from harm!
  6218 | D:7      | Gained mutation: You are frail. (-10% HP) [potion of
                  | mutation]
  6218 | D:7      | Gained mutation: You have large cloven feet. [potion of
                  | mutation]
  6219 | D:7      | Lost mutation: You have large cloven feet. [potion of
                  | mutation]
  6219 | D:7      | Lost mutation: You are frail. (-10% HP) [potion of
                  | mutation]
  6219 | D:7      | Gained mutation: Armour fits poorly on your strangely
                  | shaped body. [potion of mutation]
  6219 | D:7      | Gained mutation: A frigid envelope surrounds you and
                  | freezes all who hurt you. [potion of mutation]
  6219 | D:7      | HP: 1/82 [warg (6)]
  6606 | D:8      | Noticed Psyche
  6627 | D:8      | Killed Psyche
  6628 | D:8      | Reached skill level 11 in Axes
  6628 | D:8      | Reached XP level 10. HP: 57/91 MP: 7/10
  6935 | D:8      | Found a staircase to the Lair.
  7049 | Lair:1   | Entered Level 1 of the Lair of Beasts
  7348 | Lair:1   | Noticed a seven-headed hydra
  7475 | Lair:1   | Reached **** piety under Elyvilon
  7818 | Lair:1   | Reached skill level 12 in Axes
  8405 | D:9      | Found an opulent altar of Gozag.
  8423 | D:9      | Found a radiant altar of Vehumet.
  8427 | D:9      | Found a shadowy altar of Dithmenos.
  8428 | D:9      | Found a glowing golden altar of the Shining One.
  8437 | D:9      | Found a hazy altar of Hepliaklqana.
  8977 | D:9      | Reached XP level 11. HP: 62/100 MP: 11/11
  9078 | D:9      | Reached skill level 1 in Maces & Flails
  9246 | D:9      | Found a staircase to the Orcish Mines.
  9454 | D:9      | Found Ziczuh's Armour Boutique.
  9645 | D:10     | Entered Level 10 of the Dungeon
  9737 | D:10     | Noticed Grum
  9847 | D:10     | Killed Grum
 10200 | D:10     | Noticed a boulder beetle
 10294 | Orc:1    | Entered Level 1 of the Orcish Mines
 10337 | Orc:2    | Entered Level 2 of the Orcish Mines
 10343 | Orc:2    | Noticed an orc knight
 10365 | Orc:1    | Killed an orc knight
 10374 | Orc:2    | Noticed an orc sorcerer
 10375 | Orc:2    | Noticed a soul eater
 10390 | Orc:2    | Noticed an orc knight
 10555 | Lair:1   | Killed a seven-headed hydra
 10556 | Lair:1   | Reached skill level 5 in Maces & Flails
 10556 | Lair:1   | Reached skill level 5 in Invocations
 10848 | Lair:2   | Noticed Nergalle
 10863 | Lair:2   | Found an ancient bone altar of Kikubaaqudgha.
 11342 | D:11     | Reached skill level 10 in Armour
 11374 | D:11     | Found Qecokamaomn's Antique Weapon Emporium.
 11568 | D:11     | Noticed a two-headed ogre
 11577 | D:11     | Killed a two-headed ogre
 11792 | D:11     | Noticed Maurice
 11823 | D:11     | Killed Maurice
 12208 | D:12     | Noticed a deep elf pyromancer
 12228 | D:12     | Killed a deep elf pyromancer
 12229 | D:12     | Reached XP level 12. HP: 35/110 MP: 12/12
 12294 | D:12     | Noticed Snorg
 12303 | D:12     | Killed Snorg
 12304 | D:12     | Reached skill level 1 in Evocations
 12319 | D:12     | Found a stormy altar of Qazlal.
 12752 | D:12     | Noticed a six-headed hydra
 12761 | D:12     | Killed a six-headed hydra
 13103 | Orc:2    | Reached skill level 1 in Stealth
 13284 | Orc:2    | Noticed an orc high priest
 13302 | D:9      | Upgraded the game from 0.29-a0-490-g77b3608bb8 to
                  | 0.29-a0-495-g17b79114eb
 13991 | Lair:2   | Noticed a six-headed hydra
 13997 | Lair:2   | Killed a six-headed hydra
 13999 | Lair:2   | Found a hole to the Spider Nest.
 14010 | Lair:2   | Reached skill level 1 in Throwing
 14216 | Lair:2   | HP: 5/107 [spectral orc warlord/+0 halberd[Nergalle] (2)]
 14361 | Lair:3   | Identified the +0 cloak of Oily Freedom {rPois Int+4
                  | Stlth+}
 14771 | D:9      | Bought a +2 plate armour of fire resistance for 560 gold
                  | pieces
 15003 | Lair:3   | Noticed Rupert
 15019 | Lair:3   | Paralysed by Rupert for 5 turns
 15022 | Lair:3   | HP: 3/112 [Rupert/+1 triple sword of holy wrath (35)]
 15023 | Lair:3   | Elyvilon protects you from harm!
 15025 | Lair:3   | Slain by a yak

Illustrated notes

Levels and vault maps discovered:
D:1:      tarquinn_simple_flora_water_b, layout_loops_ring,
          chequers_ecumenical_altar_simple_redux, supply_closet_lemuel
D:2:      layout_basic, basic_altar, hangedman_abyss_or_decor_stabs,
          chequers_serial_rivers_room_b, st_stairs_6, uniq_jessica
D:3:      layout_basic
D:4:      layout_cave_pools, lightli_temple_of_fire,
          minmay_temple_entry_mini_moons, gup_sewer_entry_pipe, serial_shops,
          shop
D:5:      layout_rooms
D:6:      kennysheep_housing_project, layout_basic, uniq_grinder
D:7:      layout_cave_pods, serial_shops, kennysheep_little_box,
          roderic_batcave, uniq_duvessa, uniq_maggie
D:8:      layout_loops_cross, erik_lair_orcish_takeover, serial_shops,
          nicolae_shop_bloodbath_and_beyond, uniq_psyche
D:9:      layout_basic, nicolae_overflow_hallway_of_the_gods, david_orc_3,
          serial_shops, nicolae_take_the_stairs, roderic_lattice_a,
          fungi_pond_lemuel
D:10:     nzn_winding_woodlands_three_and_one
          [nzn_winding_woodlands_5x15_zeroes,
          nzn_winding_woodlands_5x15_default,
          nzn_winding_woodlands_5x15_crooked,
          nzn_winding_woodlands_center_lodge], layout_rooms, uniq_grum
D:11:     layout_irregular_city, serial_shops, nicolae_diamond_shop,
          uniq_maurice
D:12:     layout_basic, gauntlet_entry_generic,
          nicolae_qazlal_style_of_elements, uniq_snorg
Lair:1:   layout_cave_pods, serial_bayou_pond_c, grunt_megastairs_3
Lair:2:   layout_roguey, spider_nest_entry_funnel_web, basic_altar,
          lemuel_another_geyser, grunt_megastairs_2, lemuel_fruit_tree,
          serial_bayou_shore_a, uniq_nergalle
Lair:3:   layout_chaotic_city, uniq_rupert
Orc:1:    layout_diamond_mine, nicolae_shop_self_help, uniq_harold
Orc:2:    grunt_orc_gardens, layout_caves, grunt_orc_garden, grunt_orc_garden,
          grunt_orc_garden, grunt_orc_garden, uniq_sonja

Skill      XL: |  1  2  3  4  5  6  7  8  9 10 11 12 |
---------------+-------------------------------------+-----
Fighting       | 3 4 5 6 7 8 |  8.9
Axes           | 3 4 5 6 7 9 11 12 | 12.4
Armour         | 4 5 6 7 9 10 11 | 11.4
Dodging        | 1 2 3 4 |  4.3
Shields        | 4 5 6 7 8 |  8.0
Invocations    | 2 4 5 7 |  7.0
Maces & Flails | 6 8 |  8.9
Evocations     | 1 |  1.3
Stealth        | 2 |  2.3
Throwing       | 1 |  1.1

Action                   |  1- 3 |  4- 6 |  7- 9 | 10-12 || total
-------------------------+-------+-------+-------+-------++-------
Melee: War axe           |    72 |   246 |   266 |   137 ||   721
       Flail             |       |       |       |   395 ||   395
Throw: Boomerang         |       |       |       |     8 ||     8
Invok: Heal Self         |       |       |     9 |    28 ||    37
 Abil: Heal Wounds       |     1 |     3 |     8 |    17 ||    29
Evoke: Wand              |       |       |       |     9 ||     9
  Use: Scroll            |     5 |     2 |     9 |    17 ||    33
       Potion            |       |     1 |     3 |     7 ||    11
Armor: Scale mail        |    46 |    42 |       |       ||    88
       Chain mail        |       |   141 |   168 |    62 ||   371
       Plate armour      |       |       |       |   185 ||   185
Dodge: Dodged            |    28 |   116 |   129 |   225 ||   498
Block: Buckler           |    16 |    77 |    92 |   160 ||   345

Table legend: (Time is in decaauts)
 A = Elapsed time spent in this place.
 B = Non-inter-level travel time spent in this place.
 C = Inter-level travel time spent in this place.
 D = Time resting spent in this place.
 E = Time spent auto-exploring this place.
 F = Levels seen in this place.
 G = Mean time per level.
                   A        B        C        D        E       F      G
               +--------+--------+--------+--------+--------+-----+--------+
         Total |  15254 |  15099 |    155 |      0 |      0 |  18 |  847.4 |
       Dungeon |  12212 |  12057 |    155 |      0 |      0 |  12 | 1017.7 |
          Lair |   2576 |   2576 |      0 |      0 |      0 |   3 |  858.7 |
  Orcish Mines |    246 |    246 |      0 |      0 |      0 |   2 |  123.0 |
         Sewer |    218 |    218 |      0 |      0 |      0 |   1 |  218.0 |
               +--------+--------+--------+--------+--------+-----+--------+

Top non-repeatable levels by time:
     D:9: 2019 daAuts
     D:8: 1344 daAuts
  Lair:1: 1339 daAuts
     D:7: 1165 daAuts
    D:11: 1150 daAuts
     D:2: 1076 daAuts
     D:4: 935 daAuts
     D:6: 890 daAuts
     D:1: 846 daAuts
  Lair:2: 785 daAuts
    D:10: 761 daAuts
    D:12: 749 daAuts
     D:3: 655 daAuts
     D:5: 618 daAuts
  Lair:3: 452 daAuts
